[Event "European Women-ch 2023"]
[Site "Petrovac"]
[Date "2023.03.19"]
[Round "2.1"]
[White "Zawadzka, Jolanta"]
[Black "Tsotsonava, Elene"]
[Result "1-0"]
[ECO "B47"]
[WhiteElo "2391"]
[BlackElo "2030"]
[Annotator "TA"]
[PlyCount "91"]
[EventDate "2023.03.15"]
[EventType "swiss"]
[EventCountry "MNE"]
[SourceTitle "playchess.com"]
[Source "ChessBase"]
[SourceQuality "1"]
[TimeControl "40/5400+30:1800+30"]

1. e4 c5 2. Nf3 e6 3. d4 cxd4 4. Nxd4 Nc6 5. Nc3 Qc7 6. Be2 a6 {[%emt 0:00:12] Black is weak on the light squares} 7. Nxc6 {[%emt 0:00:24] B47: Sicilian: Taimanov: 5 Nc3 Qc7 6 f4, 6 g3 and 6 Be2.} bxc6 8. Qd3 Nf6 9. Qg3 {[%emt 0:01:15] White has an edge.} Qxg3 10. hxg3 d5 11. g4 Nxe4 12. Nxe4 dxe4 {[%emt 0:00:02] [#]} 13. g5 $146 ({Predecessor:} 13. Be3 Bb7 14. O-O-O c5 15. g5 h6 16. gxh6 gxh6 17. Rh5 Rc8 18. g4 Rg8 19. b3 {1-0 Mastrovasilis,D (2603)-Mastrovasilis,A (2520) Braila GP RO Stage 5 rapid 2022 (10)}) 13... Rb8 14. b3 Bb4+ 15. Bd2 e3 16. fxe3 $16 Be7 17. e4 O-O 18. O-O-O Rd8 19. Bd3 Bb7 20. Rh3 {[%emt 0:02:41] aiming for Rdh1.} Ba3+ 21. Kb1 {[%emt 0:00:10] Threatens to win with Rdh1.} c5 22. Ba5 {[%emt 0:08:20] Black must now prevent Rdh1.} Rdc8 23. c4 {[%emt 0:06:49] White is more active.} (23. Re1 $16) 23... Bb4 $14 24. Bxb4 cxb4 25. Rdh1 h6 26. gxh6 g6 (26... Rc7 $142) 27. Bc2 a5 (27... Kh7 $142) 28. Rd1 $16 Bc6 {[%emt 0:04:37] [#]} (28... Ba8 $16 {was called for.} 29. h7+ Kh8) 29. g4 $1 $18 a4 30. e5 ({Don't do} 30. bxa4 $6 Kh7 $16) 30... Ra8 31. Rd6 {[%emt 0:03:32][%cal Od6c6] Strongly threatening Rxc6!} Ra5 {[%emt 0:00:43] [#]} 32. Re3 Rc5 33. Kc1 ({Weaker is} 33. bxa4 Rxc4 34. a5 Rxg4 $11) 33... a3 $2 ({Not} 33... Kh7 34. g5 $16) (33... Ra5 {was worth a try.} 34. a3 bxa3) 34. Kd2 Kf8 35. Be4 Be8 (35... Bxe4 $142 36. Rxe4 g5) 36. Bg2 {[%emt 0:01:22] White is clearly winning.} Bb5 37. Rb6 Bxc4 38. bxc4 Rxc4 39. Be4 {[%emt 0:00:41] Repels Rc2+} Kg8 40. Ke2 R8c5 41. Kf3 Rc1 42. Rxb4 Rf1+ 43. Kg3 {[%emt 0:00:48] g5 is the strong threat.} Rg1+ 44. Kf4 Rf1+ 45. Bf3 Kh7 46. g5 {[%emt 0:01:55] Weighted Error Value: White=0.13 (very precise) /Black=0.31} 1-0

[Event "European Women-ch 2023"]
[Site "Petrovac"]
[Date "2023.03.19"]
[Round "2.1"]
[White "Bivol, Alina"]
[Black "Sieber, Fiona"]
[Result "1-0"]
[ECO "B40"]
[WhiteElo "2365"]
[BlackElo "2217"]
[Annotator "TA"]
[PlyCount "67"]
[EventDate "2023.03.15"]
[EventType "swiss"]
[EventCountry "MNE"]
[SourceTitle "playchess.com"]
[Source "ChessBase"]
[SourceQuality "1"]
[TimeControl "40/5400+30:1800+30"]

1. e4 c5 2. Nf3 e6 3. g3 Nc6 4. Bg2 Nf6 5. d3 Be7 6. O-O O-O 7. Qe2 d6 8. c3 {[%emt 0:03:29] B40: Sicilian: 2...e6, Unusual lines.} Bd7 9. Rd1 {[%emt 0:03:10] [#]} b5 $146 ({Predecessor:} 9... Qc7 10. Na3 Rac8 11. Bf4 Ne5 12. d4 Ng6 13. Bd2 cxd4 14. cxd4 Qb6 15. Be1 Bc6 {1-0 Zhu,J (2455)-Abdusattorov,N (2634) Kramnik Challenge rapid 2021 (9)}) 10. Nbd2 {[%emt 0:01:24] The position is equal.} Qc7 11. d4 cxd4 12. cxd4 Nb4 13. e5 Nfd5 14. Ne4 Rfc8 {[%emt 0:05:40] [#]} (14... dxe5 $11 15. Nxe5 Be8) 15. Bg5 $1 $16 {[%emt 0:09:09] Bxe7 is the strong threat.} Bf8 16. Rac1 Qb6 (16... Nc6 $142) 17. a3 (17. exd6 $142 f6 18. a3) 17... Rxc1 (17... Na6 $16) 18. Rxc1 ({White should play} 18. Bxc1 $18 Na6 19. exd6) 18... Na6 19. exd6 {[%emt 0:02:57] Threatens to win with Ne5. White is more active.} Bxd6 (19... f6 $16) 20. b4 $2 (20. Ne5 $18 Bxe5 21. dxe5) 20... Nac7 21. Bd2 (21. Ne5 $16 Be8 22. Ng4 (22. Nxd6 Qxd6 23. Qc2 f6 $16)) 21... Rd8 22. Qd3 Bc8 {[%emt 0:03:45] [#]} (22... h6 $11 {and Black is okay.}) 23. Ne5 $1 $18 {[%emt 0:11:04] Strongly threatening Rc6.} (23. Nxd6 Qxd6 24. Ng5 f5 $16) 23... Ne7 {[%emt 0:10:15] [#] Repels Rc6} (23... Be7 {is a better chance.} 24. Ng5 Bxg5 25. Bxg5 f6) 24. Nxf7 $1 {[%emt 0:11:34][%mdl 576] Decoy} Kxf7 25. Ng5+ {[%emt 0:00:13][%mdl 64] Discovered Attack, Double Attack} Ke8 (25... Kf8 $2 26. Qf3+ (26. Nxh7+ Kg8 $16) 26... Kg8 27. Qf7+ (27. Qh5 h6 $17) 27... Kh8 28. Qh5 $18) 26. Qf3 (26. Qxh7 $18 {is the precise move to win. Hoping for Be3.} Bb7 27. Bxb7 (27. Qxg7 Bxg2 28. Kxg2 Kd7 $16) 27... Qxb7 28. Ne4 (28. Qxg7 Kd7 $16)) 26... h6 $2 (26... Qxd4 $2 {gets mated.} 27. Qf7+ Kd7 28. Bc6#) (26... Nf5 $2 27. Qh5+ (27. Nxh7 Bb7 $16) 27... Kd7 28. Qf7+ (28. Nxh7 Ne7 $16) 28... Be7 29. Bf4 $18 (29. Nxh7 Rh8 $18)) (26... Kd7 $16) 27. Qf7+ Kd7 {[%emt 0:00:01] [#]} 28. Nxe6 $1 {[%emt 0:01:07][%mdl 576] Deflection} Nxe6 29. d5 Rh8 30. dxe6+ Kd8 31. Be3 Qa6 32. Rd1 {[%emt 0:01:03] Bf4 would kill now.} Kc7 {[%emt 0:02:28] [#]} 33. Rxd6 $1 Qxd6 34. Bf4 {[%emt 0:00:15] A superb game by Bivol.   Weighted Error Value: White=0.47/Black=0.75} ({Weaker is} 34. Qxg7 Rg8 35. Qxh6 Qxe6 36. Qf4+ Kd8 $17) 1-0

[Event "European Women-ch 2023"]
[Site "Petrovac"]
[Date "2023.03.19"]
[Round "2.1"]
[White "Ovod, Evgenija"]
[Black "Mammadzada, Gunay"]
[Result "1/2-1/2"]
[ECO "B52"]
[WhiteElo "2305"]
[BlackElo "2472"]
[Annotator "TA"]
[PlyCount "73"]
[EventDate "2023.03.15"]
[EventType "swiss"]
[EventCountry "MNE"]
[SourceTitle "playchess.com"]
[Source "ChessBase"]
[SourceQuality "1"]
[TimeControl "40/5400+30:1800+30"]

1. e4 c5 2. Nf3 d6 3. Bb5+ Bd7 4. Bxd7+ Nxd7 5. O-O Ngf6 6. Qe2 e6 7. c4 Ne5 $1 {[%emt 0:07:04][%mdl 4] outshines the older 7...Be7. B52: Sicilian: Moscow Variation with 3...Bd7.} 8. b3 Be7 9. Nxe5 dxe5 {[%emt 0:00:05] The position is equal.} 10. Bb2 Nd7 11. f4 exf4 12. Bxg7 Rg8 13. Bb2 {[%emt 0:00:32][%cal Oe4e5] [#]} e5 $146 ({Predecessor:} 13... Bf6 14. e5 Bh8 15. Rxf4 Qg5 16. Re4 O-O-O 17. d3 Nxe5 18. h4 Qh6 19. Bxe5 Bxe5 20. Rxe5 {0-1 Grischuk,A (2771)-Van Foreest,J (2598) Titled Tuesday intern op 2nd April blitz 2019 (7)}) 14. Nc3 Bd6 15. Rf3 Qg5 16. Rh3 Rg7 17. Rh5 (17. Nb5 {seems wilder.} Ke7 18. Rf1 Rag8 19. Rf2) 17... Qg6 18. Nd5 O-O-O 19. Rf1 f6 20. Rf2 Nf8 21. Rf5 Rf7 (21... Nd7 $14) 22. Qh5 Qg7 23. Qh4 Ng6 24. Qg4 (24. Qh3 $5 Rdd7 25. Kh1 $14) 24... Kb8 25. Kf1 Qf8 26. g3 {[%emt 0:00:30] White has more active pieces.} Ne7 27. Nxe7 (27. Rh5 {is more complex.} Re8 28. gxf4 exf4 29. Nxf4 f5 30. exf5 Nxf5 31. Nd3) 27... Qxe7 28. Qf3 Qe6 29. gxf4 (29. d3 $16) 29... exf4 $11 30. Rd5 {[%emt 0:00:08] Prevents Be5} Rfd7 (30... Rg8 $11 {remains equal.}) 31. d3 Rg8 32. Bc1 Rg4 33. Rg2 Rh4 34. Qf2 {[%emt 0:01:31] Dodges b6} (34. Ke2 $14) 34... Rg4 (34... Qh3 $11 35. Ke1 b6) 35. Qf3 ({White should try} 35. Rxd6 $16 Rxd6 36. Bxf4 Rxg2 37. Qxg2) 35... Rh4 $1 $14 36. Qf2 (36. Ke1 $14) 36... Rg4 $16 37. Qf3 {[%emt 0:01:09] Weighted Error Value: White=0.19 (very precise) /Black=0.18 (very precise)} (37. Rxd6 $16 Rxd6 38. Bxf4 Rxg2 39. Qxg2) 1/2-1/2

[Event "European Women-ch 2023"]
[Site "Petrovac"]
[Date "2023.03.19"]
[Round "2.2"]
[White "Guichard, Pauline"]
[Black "Maione, Melissa"]
[Result "1-0"]
[ECO "D91"]
[WhiteElo "2379"]
[BlackElo "2028"]
[Annotator "TA"]
[PlyCount "75"]
[EventDate "2023.03.15"]
[EventType "swiss"]
[EventCountry "MNE"]
[SourceTitle "playchess.com"]
[Source "ChessBase"]
[SourceQuality "1"]
[TimeControl "40/5400+30:1800+30"]

1. d4 Nf6 2. c4 g6 3. Nc3 d5 4. Nf3 Bg7 5. Bg5 c6 6. e3 O-O 7. Qb3 e6 8. Be2 Nbd7 9. O-O {[%emt 0:00:21] D91: Grünfeld: 4 Nf3 Bg7 5 Bg5.} Qb6 10. Qc2 Re8 11. Rfd1 {[%emt 0:10:04] White is better.} dxc4 12. Bxc4 {[%emt 0:09:49] [#]} e5 $146 ({Predecessor:} 12... Qb4 13. Be2 Nd5 14. e4 Nxc3 15. bxc3 Qa5 16. Rab1 e5 17. d5 cxd5 18. Rxd5 Qc7 {1-0 Bietz,F (2042)-Warnk,T (2079) Hessen-chA Marburg 2006 (2.4)}) 13. Na4 {[%emt 0:06:37] White is much more active. The black rooks are badly placed.} ({White should try} 13. Bxf6 $16 Bxf6 14. Ne4 exd4 15. exd4) 13... Qa5 $11 14. Qb3 Rf8 {[%emt 0:03:18] [#] Hoping for ...exd4.} 15. dxe5 (15. Nc5 $5 Nxc5 16. dxc5 $11) 15... Nxe5 16. Nxe5 Qxe5 17. Bf4 Qf5 {[%emt 0:03:05] White must now prevent ...b5.} 18. Nc3 Ng4 19. Rd2 Ne5 20. Be2 b6 21. Qa4 b5 22. Qa5 Be6 23. Rad1 h5 24. h3 Kh7 25. Bg3 Nc4 (25... Rfb8 $11 26. Qb4 Bc4) 26. Bxc4 $16 Bxc4 27. b3 Be6 28. Ne2 Bd5 29. Nf4 Be6 (29... Be4 $142) 30. Nxe6 Qxe6 31. Rd6 $36 {[%emt 0:00:05][%mdl 2048] Keeping Black busy.} Qe4 32. Qa6 h4 33. Bf4 (33. Qxc6 $2 {loses.} Qxc6 34. Rxc6 hxg3 35. fxg3 Rae8 $19) 33... Rfc8 34. Qb7 {[%emt 0:06:30] [#] Rd7 is the strong threat.} Kg8 35. Rc1 Rab8 36. Qxa7 Bf8 $2 (36... c5 $16) 37. Rd4 $18 Qf5 38. Bxb8 {[%emt 0:00:14][%mdl 64] Discovered Attack.   Weighted Error Value: White=0.09 (flawless) /Black=0.25 (precise)} 1-0

[Event "European Women-ch 2023"]
[Site "Petrovac"]
[Date "2023.03.19"]
[Round "2.2"]
[White "Unuk, Laura"]
[Black "Osmak, Yuliia"]
[Result "1/2-1/2"]
[ECO "A20"]
[WhiteElo "2297"]
[BlackElo "2445"]
[Annotator "TA"]
[PlyCount "175"]
[EventDate "2023.03.15"]
[EventType "swiss"]
[EventCountry "MNE"]
[SourceTitle "playchess.com"]
[Source "ChessBase"]
[SourceQuality "1"]
[TimeControl "40/5400+30:1800+30"]

1. c4 e5 2. g3 c6 3. d4 e4 4. d5 Bb4+ 5. Bd2 Qe7 6. Bxb4 {[%emt 0:01:42] A20: English Opening: 1...e5.} Qxb4+ 7. Nc3 Nf6 8. Qd2 Qxc4 9. e3 {[%emt 0:02:04] [#]} Qb4 $146 ({Predecessor:} 9... Qc5 10. Rc1 O-O 11. Nxe4 Nxe4 12. Rxc5 Nxd2 13. Kxd2 d6 14. Rc1 c5 15. Ne2 b5 {½-½ Ludgate,A (2451)-Parmet,D (2274) FICGS W-ch st2 g01 email 2021 (1)}) 10. a3 Qb6 11. Bg2 cxd5 12. Nxd5 Nxd5 13. Qxd5 O-O 14. Nh3 d6 (14... Qxb2 {is more complex.} 15. O-O d6 16. Ng5 Qe5) 15. Nf4 Nd7 16. Qxe4 (16. Bxe4 Nf6 17. Qc4 Qa5+ 18. Ke2 (18. b4 $2 Qe5 $19) 18... Qe5 $17) 16... Qxb2 17. O-O $1 Nc5 18. Qd5 Rd8 19. Ra2 Qf6 $36 {[%emt 0:02:42][%mdl 2048] Black fights for an advantage.} 20. Rd2 Be6 21. Qh5 Qe5 22. Qd1 Bc4 23. Re1 Rac8 24. Nd5 Nb3 (24... Kh8 $15) 25. f4 (25. Rd4 $1 $14) 25... Qe8 $15 26. Rc2 {[%emt 0:05:15][%cal Oc2c4] Hoping for Rxc4!} b5 27. Rc3 (27. Bf1 $17) 27... Nc5 (27... Bxd5 $1 $19 {and Black stays clearly on top.} 28. Rxc8 Rxc8 29. Qxd5 Rc1 {[%mdl 64] Deflection} 30. Rxc1 Qxe3+ 31. Kf1 Qxc1+ 32. Kf2 Qc5+ 33. Kf1 Qxd5 34. Bxd5 Nd2+ 35. Ke2 Nc4) 28. Qd4 Qd7 29. f5 Bxd5 (29... Qxf5 $2 30. Ne7+ Kh8 31. Nxf5 $18) 30. Bxd5 Qe7 ({But not} 30... Qxf5 $6 31. Rf1 Qg5 32. Rxf7 $11 (32. Bxf7+ Kh8 $15)) 31. Rd1 a5 32. e4 Kf8 (32... Qf6 $17) 33. Rf1 (33. Rb1 $11 {keeps the balance.}) 33... Qf6 34. Qxf6 gxf6 35. Rb1 Rb8 36. g4 b4 37. axb4 Rxb4 38. Rxb4 axb4 $17 {[%emt 0:00:02][%cal Ba5b4,Bb4b3,Bb3b2][%mdl 4128] Endgame KRB-KRN} 39. Rc1 Rb8 40. Kf1 b3 {[%emt 0:00:00] Strongly threatening ...b2.} 41. Ke2 Rb4 42. Rb1 b2 ({Not} 42... Nxe4 43. Rxb3 Ra4 44. Bxe4 Rxe4+ 45. Kf3 $11) 43. Ke3 Kg7 44. h3 h6 45. Kd2 {[%emt 0:07:07] [#]} Nxe4+ (45... Rd4+ $1 $17 46. Kc3 Rd3+ 47. Kxb2 Rxh3) 46. Bxe4 $11 Rxe4 47. Rxb2 $17 {[%emt 0:00:03] [#] KR-KR} h5 $1 48. gxh5 Re5 (48... Rh4 {simplifies} 49. Rb6 Rxh5 50. Rxd6 Rxf5 51. Rd3 Re5) 49. Rb7 (49. Rb6 $11) 49... Rxf5 (49... Rd5+ {simplifies} 50. Ke3 Rxf5 51. Rd7 Rxh5 52. Rxd6 Rxh3+ 53. Ke4 Rh4+) 50. h6+ {[%emt 0:00:15] [#]} Kg6 $1 51. h7 Rh5 (51... Rd5+ {feels hotter.} 52. Ke3 Rh5 53. Rd7 Rxh3+ 54. Kf4 Rh4+) 52. Rd7 Rxh7 53. Rxd6 Rxh3 54. Ke2 Kf5 55. Rd7 Ke6 56. Ra7 f5 57. Kf2 Rb3 58. Ra5 Kf6 59. Ra7 Kg6 60. Rc7 Ra3 61. Rb7 f6 62. Rb8 Kg5 63. Rb4 Rh3 64. Ra4 Rh4 65. Ra8 Rb4 66. Ra3 Rb2+ 67. Kf3 Rh2 68. Kg3 {[%emt 0:00:16] Prevents Rh3+} Rh8 69. Ra5 Re8 70. Kf3 Re4 71. Ra8 Rf4+ 72. Kg3 {[%emt 0:00:06] White threatens Rg8+ and mate.} Rb4 73. Rg8+ Kh6 74. Kf3 Kh7 75. Rg1 Rh4 76. Rg2 Kh6 77. Rg8 Rh5 (77... Rc4 $17) 78. Kf4 $11 {[%emt 0:00:31] The position is equal.} Rg5 79. Rh8+ Kg7 80. Ra8 Rh5 81. Rb8 Kf7 82. Ra8 Rg5 83. Rb8 Kg7 84. Ra8 Kg6 85. Rg8+ Kf7 86. Rxg5 fxg5+ 87. Kxf5 g4 {[%emt 0:00:01] ( -> ...g3)} 88. Kxg4 {[%emt 0:00:04] White happily takes the draw.   Weighted Error Value: White=0.14 (very precise) /Black=0.14 (very precise)} 1/2-1/2

[Event "European Women-ch 2023"]
[Site "Petrovac"]
[Date "2023.03.19"]
[Round "2.2"]
[White "Mamedjarova, Turkan"]
[Black "Vega Gutierrez, Sabrina"]
[Result "0-1"]
[ECO "D35"]
[WhiteElo "2229"]
[BlackElo "2361"]
[Annotator "TA"]
[PlyCount "87"]
[EventDate "2023.03.15"]
[EventType "swiss"]
[EventCountry "MNE"]
[SourceTitle "playchess.com"]
[Source "ChessBase"]
[SourceQuality "1"]
[TimeControl "40/5400+30:1800+30"]

1. d4 Nf6 2. c4 e6 3. Nc3 d5 4. cxd5 exd5 5. Bg5 Be7 6. e3 h6 7. Bh4 Bg4 {[%emt 0:00:17] D35: Queen's Gambit Declined: Exchange Variation.} 8. Qb3 {[%emt 0:01:36][%cal Oh4f6] And now Bxf6! would win.} Nbd7 9. h3 Be6 {[%emt 0:00:33] [#] The position is equal.} 10. Bxf6 $146 ({Predecessor:} 10. Nf3 O-O 11. Be2 Ne4 12. Bxe7 Qxe7 13. O-O Rab8 14. Bd3 Ndf6 15. Rfd1 Rfe8 16. Rac1 {½-½ Milikow,Y (2416)-Dubov,D (2708) Titled Tuesday intern op 31st Jan Late blitz 2023 (2)}) 10... Nxf6 11. Bd3 O-O 12. Nge2 c5 {[%emt 0:02:00] [#] Threatens to win with ...c4.} 13. Qc2 c4 14. Bf5 Qd7 15. Bxe6 fxe6 16. a4 b6 17. O-O a6 18. e4 b5 19. e5 Nh7 20. f4 b4 21. Nd1 Rab8 22. Ne3 Rf7 23. Kh1 Nf8 24. g4 b3 25. Qb1 Bb4 26. Qd1 Qd8 27. f5 Qa5 (27... Qg5 $5 28. Nf4 Ng6 29. Nexd5 (29. fxg6 $2 Rxf4 30. a5 Rxf1+ 31. Nxf1 Rf8 $19) 29... Nxf4 30. Nxf4 exf5 $14) 28. h4 (28. fxe6 $14 Rxf1+ 29. Qxf1 Nxe6 30. Qf5) 28... Bd2 $11 29. fxe6 Nxe6 (29... Ra7 $5 30. Ng2 Nxe6 $11) 30. Rxf7 Kxf7 31. Qf1+ Kg8 {[%emt 0:00:18] Active counter play!} 32. Qf5 (32. Nf5 $1 $11 {was the only way to keep the balance.} Qd8 33. Rd1) 32... Bxe3 $17 33. Qxe6+ Kh8 {[%emt 0:00:01] ...Qd2 is the strong threat.} 34. Rf1 $2 (34. Qd6 $17 Qd8 35. Qxd8+ Rxd8 36. Rd1) 34... Qd2 $19 (34... Qxa4 35. Qd6 (35. Qxd5 Qb4 $11) 35... Rg8 36. Rf8 $14 (36. Qxd5 Qb4 $11)) 35. Qd6 Rg8 36. Ng3 Bf4 37. Ne2 Be3 (37... Qxe2 $142 38. Rxf4 c3 39. Qf8 c2 40. Qc5 Qe1+ 41. Kh2 c1=R 42. Qxc1 Qxc1 43. Rf7 Rc8 44. Rf3 Rc2+ 45. Kg3 Qg1+ 46. Kf4 Qxd4+ 47. Kg3 Qg1+ 48. Kf4 Rc4+ 49. Kf5 Qxg4#) 38. Ng3 $1 Bf4 $40 {[%emt 0:01:26][%mdl 128] [#] Black is up to no good.} (38... c3 $19 39. bxc3 Bf4 40. Qxd5 Bxg3) 39. Ne2 $1 {[%emt 0:00:02][%mdl 64] Deflection} Qxe2 {[%emt 0:00:06][%cal Re2f1] Black mates.} 40. Rxf4 c3 41. Rf6 Qd1+ ({Worse is} 41... gxf6 42. Qxf6+ Kh7 43. Qf7+ Kh8 44. Qf6+ Kh7 45. Qf7+ Rg7 46. Qf5+ Kg8 47. Qc8+ Kh7 48. Qf5+ Rg6 49. Qd7+ Kh8 50. Qd8+ Rg8 51. Qf6+ $11) 42. Kh2 Qd2+ ({Weaker is} 42... gxf6 43. Qxf6+ Rg7 44. Qf8+ Kh7 45. Qf5+ Kg8 46. Qc8+ Kh7 47. Qf5+ Rg6 48. Qd7+ Kh8 49. Qd8+ Rg8 50. Qf6+ Rg7 51. Qf8+ Kh7 52. Qf5+ $11) 43. Kg3 cxb2 ({And not} 43... gxf6 44. Qxf6+ Kh7 45. Qf7+ Rg7 46. Qf5+ Kh8 47. Qf8+ Rg8 48. Qf6+ Kh7 49. Qf7+ Rg7 50. Qf5+ Rg6 51. Qf7+ Rg7 $11) 44. g5 {[%emt 0:00:13] Weighted Error Value: White=0.52/Black=0.37} 0-1

[Event "European Women-ch 2023"]
[Site "Petrovac"]
[Date "2023.03.19"]
[Round "2.3"]
[White "Javakhishvili, Lela"]
[Black "Zimina, Olga"]
[Result "1-0"]
[ECO "D02"]
[WhiteElo "2443"]
[BlackElo "2295"]
[Annotator "TA"]
[PlyCount "111"]
[EventDate "2023.03.15"]
[EventType "swiss"]
[EventCountry "MNE"]
[SourceTitle "playchess.com"]
[Source "ChessBase"]
[SourceQuality "1"]
[TimeControl "40/5400+30:1800+30"]

1. d4 d5 2. Nf3 Nf6 3. Bf4 c5 4. e3 Nc6 5. Nbd2 cxd4 6. exd4 {[%emt 0:00:06] D02: 1 d4 d5 2 Nf3 sidelines, including 2...Nf6 3 g3 and 2...Nf6 3 Bf4.} Bf5 7. Bb5 Bd7 (7... e6 $11) 8. c3 {[%emt 0:08:24] White is slightly better.} g6 9. O-O Bg7 {[%emt 0:01:41] [#]} 10. Bd3 $146 ({Predecessor:} 10. h3 O-O 11. Re1 Re8 12. a4 a6 13. Bf1 Bf5 14. Ne5 Rc8 15. Nxc6 Rxc6 16. a5 {1-0 Ushenina,A (2444)-Krush,I (2430) Hengshui IMSA rapid (Women) 2019 (3)}) 10... Bf5 11. Bxf5 gxf5 12. Ne5 Qb6 13. Nxc6 bxc6 14. Qc2 O-O 15. Nb3 e6 16. Nc5 a5 17. Rae1 Kh8 {[%emt 0:02:29] [#]} 18. Re3 $1 {[%emt 0:04:27] Black is weak on the dark squares} Rg8 19. Rh3 {[%emt 0:01:41] Against Nh5} Ra7 20. Re1 Qd8 21. Ree3 {[%emt 0:03:52] White has more active pieces.} Bf8 22. Nd3 Ng4 (22... Bd6 $16 {was called for.}) 23. Reg3 $18 Bd6 24. Ne5 (24. Bxd6 $18 Qxd6 25. Qd2) 24... Bxe5 $14 25. dxe5 Rb7 26. b3 Rg6 (26... Qb8 $14) 27. Rh5 $16 f6 (27... Qb8 $16) 28. exf6 Kg8 29. Qe2 Qd7 (29... Qc8 30. f7+ Rxf7) 30. Rg5 (30. f3 $18 {is more deadly.} Nxf6 31. Rh6) 30... Kf7 31. h4 a4 32. R3xg4 (32. bxa4 $2 Rb1+ $19) (32. Rxg6 $6 hxg6 33. b4 (33. bxa4 $2 Rb1+ $19) 33... Qd8 $14) 32... fxg4 33. Qxg4 Kxf6 (33... Qe8 $16) 34. Be5+ $18 (34. bxa4 $6 Rxg5 35. Bxg5+ (35. Qxg5+ Kf7 $16) 35... Kf7 $16) 34... Kf7 (34... Ke7 $142 35. Rxg6 (35. bxa4 Ke8 $16) (35. Qxa4 Qc8 $16) 35... hxg6) 35. Qh5 (35. bxa4 Qe7 $16) 35... Kg8 (35... Kf8 36. Rxg6 (36. bxa4 Qf7 $14) 36... hxg6 37. Qh8+ (37. Qxg6 Qf7 $16) 37... Kf7) 36. Rxg6+ (36. bxa4 Qf7 $14) 36... hxg6 37. Qxg6+ {[%emt 0:00:48][%mdl 4096] Endgame KQR-KQB} Kf8 38. Qh6+ (38. bxa4 Qf7 39. Qh6+ (39. Bd6+ Ke8 $16) 39... Ke8 $18) 38... Kg8 39. Qh8+ Kf7 40. Qh5+ (40. h5 $142 {Hoping for Qg7+.} axb3 41. axb3) 40... Kf8 41. Qh6+ $2 ({Don't play} 41. bxa4 $6 Qf7 42. Qh8+ Qg8 $18) (41. Qh8+ Kf7 42. b4 Qe7 $18) (41. g4 $18 Qf7 42. Qh6+ (42. bxa4 $2 Qxh5 43. gxh5 Ra7 $19) 42... Ke8 43. b4 (43. bxa4 Rb2 $16)) 41... Ke8 $2 (41... Kg8 $1 $11 42. b4 Rb5) 42. Qh8+ $2 ({Resist} 42. bxa4 $6 Qf7 43. Bg3 Rb1+ 44. Kh2 Rb7 45. Qh8+ Qf8) (42. b4) 42... Kf7 $1 43. h5 {[%emt 0:00:42] [#] Strongly threatening Qg7+.} axb3 44. axb3 Qe7 45. Qh7+ Kf8 46. Qxe7+ Kxe7 {[%emt 0:00:07] KR-KB} 47. b4 {[%emt 0:00:05] Threatens to win with g4.} Kf7 (47... d4 $142 48. Bxd4 (48. cxd4 Kf7 $18) 48... Rb5) 48. g4 {[%emt 0:00:35] aiming for g5. White is clearly winning.} Kg8 49. Kg2 Kh7 50. Kf3 Rf7+ 51. Ke3 {[%emt 0:00:29] f4 would be deadly.} Kh6 52. f4 {[%emt 0:01:01] White wants to mate with Kd4.} Rf8 53. Kd4 Rg8 54. Kc5 Rxg4 55. Kxc6 {[%emt 0:00:04] b5 would kill now.} Kxh5 56. b5 {[%emt 0:00:06] An exciting game.   Weighted Error Value: White=0.72/Black=0.42} 1-0

[Event "European Women-ch 2023"]
[Site "Petrovac"]
[Date "2023.03.19"]
[Round "2.3"]
[White "Sargsyan, Anna M."]
[Black "Donghvani, Nia"]
[Result "1-0"]
[ECO "B40"]
[WhiteElo "2371"]
[BlackElo "2025"]
[Annotator "TA"]
[PlyCount "65"]
[EventDate "2023.03.15"]
[EventType "swiss"]
[EventCountry "MNE"]
[SourceTitle "playchess.com"]
[Source "ChessBase"]
[SourceQuality "1"]
[TimeControl "40/5400+30:1800+30"]

1. e4 c5 2. Nf3 e6 3. d4 cxd4 4. Nxd4 Nf6 5. Bd3 Nc6 6. Nxc6 bxc6 7. O-O d5 8. e5 Nd7 9. Re1 g6 {[%emt 0:05:59] B40: Sicilian: 2...e6, Unusual lines.} 10. Nd2 Bg7 11. Nf3 Qc7 {[%emt 0:02:38][%cal Rd7e5] The position is equal.} 12. Bf4 O-O 13. h4 {[%emt 0:01:01][%cal Bh2h4,Bh4h5][%mdl 32] [#]} c5 $146 ({Predecessor:} 13... a5 14. c3 Ba6 15. Bc2 Rab8 16. Rb1 Rb6 17. h5 Rfb8 18. b3 c5 19. Re3 c4 {1-0 Birke,A (2232)-Neyman,I Oberliga Ost-A 9900 1999 (8.4)}) 14. c3 Bb7 {[%emt 0:00:13] [#]} 15. h5 $1 Rae8 (15... Rab8 16. h6) 16. Qd2 Nb6 (16... Rb8 $14) 17. Nh2 $16 {[%emt 0:08:11] White is more active.} Nc4 18. Bxc4 dxc4 19. Ng4 (19. h6 $142 Bh8 20. Qe2) 19... Rd8 20. Qc1 ({White should try} 20. Qe2 $16) 20... Qc6 $2 {[%emt 0:04:10] Loses the game.} ({Black should play} 20... Rd3 $1 $14) 21. f3 $18 {[%emt 0:01:14] Hoping for Bh6.} Rd3 22. Re4 {[%emt 0:04:01] Bh6 would be deadly.} (22. Bh6 $2 Rxf3 23. Qd2 (23. Bxg7 $2 Rf1+ {[%mdl 64] Discovered Attack} 24. Rxf1 Qxg2#) 23... Rg3 $19) 22... f6 $2 (22... gxh5 $2 23. Bh6 Qd7 24. Bxg7 $18) (22... Rfd8 23. Bg5 (23. Rxc4 Rxf3 24. Qc2 Rdd3 $19) 23... Qd7) 23. exf6 (23. Rxc4 $2 Rxf3 24. Qd2 (24. gxf3 $2 Qxf3 25. Ne3 fxe5 $19) 24... fxe5 $19) 23... Bxf6 24. hxg6 (24. Rxc4 $2 Rxf3 25. Nxf6+ (25. gxf3 $2 Qxf3 26. Nxf6+ Rxf6 $19) 25... Rxf6 26. gxf3 Qxf3 $19) 24... Qd7 25. gxh7+ ({Not} 25. Rxc4 h5 26. Nf2 Rd5 $18) 25... Kxh7 $2 {[%emt 0:00:45] [#]} (25... Qxh7 26. Rxe6 (26. Rxc4 Bxf3 27. Be5 Qg6 $16) 26... Qg6) 26. Bd6 $1 {[%emt 0:08:13][%mdl 512] Qh6+ would kill now.} Qxd6 (26... Bg7 27. Bxf8) 27. Qh6+ (27. Rxc4 $2 {too greedy.} Bg7 28. Qe1 Kg8 $19) 27... Kg8 28. Nxf6+ Kf7 29. Rf4 Rd1+ 30. Rxd1 {[%emt 0:00:11] White mates.} Qxd1+ 31. Kh2 Rc8 32. Qh7+ {[%emt 0:00:15][%mdl 64] Skewer} Kf8 33. Nd7+ {[%emt 0:00:07] A cool game by Sargsyan.   Weighted Error Value: White=0.36/Black=0.95} 1-0